 Dungeon Crawl Stone Soup version 0.30-b1-2-g02819fbbbe (webtiles) character file.

Game seed: 14576576504917605241

113 sanka the Charlatan (level 4, -4/24 HPs)
             Began as a Deep Elf Artificer on May 11, 2023.
             Slain by a mummy (9 damage)
             ... in an ossuary.
             The game lasted 00:05:48 (2576 turns).

sanka the Charlatan (Deep Elf Artificer)            Turns: 2576, Time: 00:05:49

Health: -4/24      AC:  5    Str:  9    XL:     4   Next: 65%
Magic:  9/9        EV: 12    Int: 18    God:
Gold:   214        SH:  0    Dex: 15    Spells: 7/7 levels left

rFire   . . .        j - +0 mace
rCold   . . .        s - orb {*channel}
rNeg    . . .        b - +0 leather armour
rPois   .            (no helmet)
rElec   .            k - +1 cloak
rCorr   .            (no gloves)
SInv    .            (no boots)
Will    .....        (no amulet)
Stlth   ++           (no ring)
HPRegen 0.24/turn    (no ring)
MPRegen 0.11/turn

%: channel magic (20%)
@: no status effects
A: no striking features
a: no special abilities


You were in an ossuary.
You visited 1 branch of the dungeon, and saw 4 of its levels.
You also visited: Ossuary.

You collected 214 gold pieces.

Inventory:

Hand Weapons
 j - a +0 mace (weapon)
Armour
 b - a +0 leather armour (worn)
 k - a +1 cloak (worn)
 s - an orb of energy (worn)
Wands
 d - a wand of charming (12)
 e - a wand of iceblast (5)
Scrolls
 f - a scroll of identify {unknown}
 g - 2 scrolls of teleportation {unknown}
 i - a scroll of poison {unknown}
 m - a scroll of noise {unknown}
 n - a scroll of fog {unknown}
 p - 2 scrolls of enchant weapon {unknown}
 t - a scroll of magic mapping {unknown}
 u - a scroll of blinking {unknown}
 v - a scroll of brand weapon {unknown}
Potions
 a - 2 potions of heal wounds {unknown}
 h - 2 potions of attraction {unknown}
 l - 3 potions of curing {@q1}
 o - 2 potions of brilliance {unknown}
 q - a potion of haste {unknown}
 r - a potion of lignification {unknown}


   Skills:
 - Level 0.7 Fighting
 - Level 0.7 Armour
 - Level 2.4 Dodging
 - Level 1.2 Stealth
 + Level 2.3 Spellcasting
 * Level 2.9 Conjurations
 * Level 2.8 Fire Magic
 - Level 3.2 Evocations


You had 7 spell levels left.
You didn't know any spells.
Your spell library contained the following spells:

 Spells                   Type           Power      Damage    Failure   Level
 Magic Dart               Conj           48%        1d5       19%         1
 Call Imp                 Summ           4%         N/A       56%         2
 Mephitic Cloud           Conj/Pois/Air  5%         N/A       65%         3


Dungeon Overview and Level Annotations

Branches:
Dungeon (4/15)            Ossuary (1/1)
 Temple: D:4-7

Altars:

Shops:
D:2 :   D:3 [


Message History

Your mummy hits the mummy.
The puff of flame hits the mummy!
The mummy is burned terribly!
The mummy is heavily damaged.
The now-empty wand crumbles to dust.
Your mummy hits the mummy!
The mummy is destroyed!
The mummy closely misses you.
You hit the mummy.
The mummy is moderately damaged.
The mummy barely misses you.
Your mummy hits the mummy but does no damage.
You hit the mummy.
The mummy is moderately damaged.
The mummy misses you.
Your mummy hits the mummy! You hit the mummy but do no damage.
The mummy is severely damaged.
You barely miss the mummy.
The mummy is severely damaged.
The mummy barely misses you.
Your mummy hits the mummy!
The mummy is destroyed!
There are no items here.
You swap places.
Really attack your mummy?
You barely miss your mummy.
The mummy is no longer charmed.
The mummy hits you!
Ouch! That really hurt!
Unknown command.
You barely miss the mummy.
Okay, then.
It was a potion of curing.
You feel better.
You hit the mummy.
The mummy is lightly damaged.
The mummy hits you!
Ouch! That really hurt!
* * * LOW HITPOINT WARNING * * *
You completely miss the mummy.
The mummy is lightly damaged.
The mummy barely misses you.
You hit the mummy but do no damage.
The mummy is lightly damaged.
The mummy hits you!
You die...

###
#..######
##......#
#...∩.∩.+
##.@M...#
#..######
###


You could see a mummy.

Vanquished Creatures
  An orc priest (D:3)
  An adder (D:2)
  2 orcs
  4 ball pythons
  6 endoplasms
  2 giant cockroaches
  6 hobgoblins
  3 quokkas
  4 bats
  5 frilled lizards
  2 goblins
  3 kobolds
  4 rats
43 creatures vanquished.

Vanquished Creatures (collateral kills)
  2 mummies (Ossuary)
2 creatures vanquished.

Vanquished Creatures (others)
  An orc (D:2)
1 creature vanquished.

Grand Total: 46 creatures vanquished

Notes
Turn   | Place    | Note
-------+----------+-------------------------------------------
     0 | D:1      | sanka the Deep Elf Artificer began the quest for the Orb.
     0 | D:1      | Reached XP level 1. HP: 11/11 MP: 3/3
   204 | D:1      | Reached skill level 1 in Conjurations
   204 | D:1      | Reached skill level 1 in Fire Magic
   204 | D:1      | Reached XP level 2. HP: 11/16 MP: 5/5
   609 | D:1      | Reached skill level 1 in Spellcasting
   626 | D:1      | Found a faded altar of an unknown god.
  1071 | D:2      | Found Kecheatim's Book Boutique.
  1326 | D:2      | Reached XP level 3. HP: 20/20 MP: 7/7
  2191 | D:3      | Found Laffael's Armour Boutique.
  2434 | D:3      | Reached XP level 4. HP: 24/24 MP: 7/9
  2533 | D:4      | Found a sand-covered staircase.
  2553 | Ossuary  | Entered an ossuary
  2576 | Ossuary  | Slain by a mummy

Illustrated notes

Levels and vault maps discovered:
D:1:      dpeg_arrival_arbitrary_a, layout_loops_ring, basic_ecumenical_altar,
          hangedman_abyss_or_decor_lesser_grid
D:2:      layout_basic, serial_shops, shop, kennysheep_generic_room_4
D:3:      layout_rooms, serial_shops, shop, dk_vineyard_3,
          kennysheep_cluttered_room
D:4:      layout_rooms, dancing_weapons_uskayaw, minmay_temple_entry_glass,
          lightli_ossuary_entry_decrepit_ruins
Ossuary:  ossuary_minmay_chase

Skill      XL: |  1  2  3 |
---------------+----------+-----
Conjurations   | 1 2 |  2.9
Fire Magic     | 1 2 |  2.8
Spellcasting   | 1 2 |  2.3
Fighting       | |  0.7
Armour         | |  0.7
Dodging        | |  2.4
Stealth        | |  1.2
Evocations     | |  3.2

Action                     |  1- 3 |  4- 6 || total
---------------------------+-------+-------++-------
  Melee: Club              |    19 |       ||    19
         Mace              |   107 |    19 ||   126
  Evoke: Wand              |    16 |     2 ||    18
    Use: Potion            |       |     1 ||     1
   Stab: Sleeping          |     4 |       ||     4
 Armour: Leather armour    |    53 |     4 ||    57
  Dodge: Dodged            |   102 |    17 ||   119
